cohdb
Replays
Latest Replays
All Replays
Popular Replays
Top Player Replays
Match Explorer
How It Works
Community
CoH3 Stats
Reddit
Sign in to upload your games and track your stats! →
Sign in with Steam
Match 45347650
Unlisted
Match 45347650
Overview
Messages
Build Orders
End
Construct Barracks
Selects Special Operations Battlegroup
Selects Special Operations Battlegroup
Selects M29 Weasel Recon Vehicle
M29 Weasel Recon Vehicle
Riflemen Squad
Riflemen Squad
Selects Smoke Screen
Infantry Support Center
Riflemen Squad
Smoke Screen
Construct Weapon Support Center
M3 Armored Personnel Carrier
M1918 Browning Automatic Rifles
M3 Armored Personnel Carrier
Grenade Package
Demolitions Package
Selects P-47 Anti-Infantry Loiter
Selects UNKNOWN (2162291)
STALKER4732
kit.ohume
Devochkin
Duffman™
CPU Easy !:!
skyhawkfranky
0
0
Comments
sign in to comment!
No comments posted yet!